AoeStats
← TioAldi17

Lombardia

508333726Analyzed
2v2 RM · 12d ago on Sep 22, 2026· 50m 7s· 4 players
Game mode
Random Map
Map size
Medium (4 player)
Population
200
Speed
Normal
Resources
Standard
Victory
Conquest
Starting age
Dark Age
Ending age
Imperial Age
RankedLock teamsTeams togetherTeam positionsShared explorationLock speedFull tech treeHidden civsTurbo modeCheats
Victory
Defeat
🇩🇪 Cumans · Germany
1444
+10
🇦🇹 Mongols · Austria
1399
+12
🇨🇱 Franks · Chile
1317
-11
🇨🇱 Malians · Chile
1316
-11
TioAldi17
8:06 Loom
10:17 Feudal Age
10:36 Loom
13:22 Double-Bit Axe
22:12 Castle Age
22:12 Gold Mining
22:54 Scale Barding Armor
23:23 Forging
24:35 Wheelbarrow
23:48 Town Watch
24:19 Husbandry
31:25 Chain Barding Armor
32:51 Iron Casting
39:25 Imperial Age
40:02 Cavalier
41:53 Plate Barding Armor
42:41 Hand Cart
43:35 Paladin
45:31 Blast Furnace
45:46 Masonry
46:31 Chivalry
48:00 Conscription
48:03 Light Cavalry
piñaples
7:52 Loom
10:18 Feudal Age
14:27 Castle Age
13:00 Double-Bit Axe
17:12 Fletching
20:01 Bodkin Arrow
21:00 Husbandry
22:40 Padded Archer Armor
24:20 Thumb Ring
24:53 Ballistics
26:59 Gold Mining
29:09 Horse Collar
30:08 Stone Mining
30:13 Crossbowman
31:39 Wheelbarrow
31:57 Leather Archer Armor
33:39 Town Watch
33:17 Elite Skirmisher
35:50 Heavy Plow
44:39 Imperial Age
44:05 Bow Saw
45:04 Arbalester
46:52 Chemistry
47:24 Ring Archer Armor
47:42 Hand Cart
49:19 Pikeman
50:01 Scale Mail Armor
Red Calypso
6:16 Loom
8:51 Feudal Age
15:28 Double-Bit Axe
19:59 Castle Age
19:13 Padded Archer Armor
18:58 Horse Collar
19:36 Gold Mining
19:36 Stone Mining
20:43 Husbandry
21:11 Bow Saw
22:41 Wheelbarrow
22:42 Fletching
23:42 Bodkin Arrow
26:42 Ballistics
26:40 Bloodlines
28:01 Leather Archer Armor
28:07 Thumb Ring
29:39 Heavy Plow
37:10 Imperial Age
34:57 Hand Cart
34:34 Town Watch
35:49 Town Patrol
37:51 Bracer
38:56 Chemistry
39:15 Scale Barding Armor
39:20 Forging
41:04 Chain Barding Armor
40:57 Fortified Wall
41:34 Parthian Tactics
40:40 Light Cavalry
41:58 Iron Casting
42:10 Hussar
44:51 Conscription
45:41 Blast Furnace
45:17 Drill
45:46 Masonry
45:33 Murder Holes
46:26 Siege Engineers
46:03 Capped Ram
47:06 Siege Ram
47:35 Elite Mangudai
49:49 Caravan
LukasPlanet
5:05 Loom
9:28 Feudal Age
11:25 Double-Bit Axe
11:21 Horse Collar
23:34 Castle Age
23:54 Bloodlines
24:27 Wheelbarrow
24:44 Scale Barding Armor
30:32 Chain Barding Armor
31:00 Forging
31:56 Bow Saw
32:20 Heavy Plow
33:20 Iron Casting
33:14 Hand Cart
43:10 Imperial Age
43:15 Imperial Age
40:31 Town Watch
43:24 Cavalier
44:28 Town Patrol
44:20 Gold Mining
44:20 Stone Mining
45:17 Plate Barding Armor
45:43 Blast Furnace
45:52 Two-Man Saw
45:23 Crop Rotation
46:46 Blast Furnace
45:25 Paladin
47:21 Gold Shaft Mining
47:03 Masonry
48:13 Conscription
48:34 Hoardings
Connection lost

Rejoining the realm…

Still unreachable

The connection could not be restored.

Session expired

The server has moved on; the page needs a fresh start.